 Dungeon Crawl Stone Soup version 0.31-a0-848-gaac375c287 (webtiles) character file.

Game seed: 14090286467851530872

21 javelincjr the Magician (level 2, 0/20 HPs)
             Began as a Demonspawn Hedge Wizard on Oct 4, 2023.
             Killed by nerve-wracking pain
             ... invoked by Jessica
              (13 damage)
             ... on level 2 of the Dungeon.
             The game lasted 00:03:10 (739 turns).

javelincjr the Magician (Demonspawn Hedge Wizard)    Turns: 739, Time: 00:03:10

Health: 0/20       AC:  3    Str: 10    XL:     2   Next: 65%
Magic:  1/6        EV: 12    Int: 15    God:
Gold:   72         SH:  0    Dex: 12    Spells: 6/7 levels left

rFire   . . .        a - +0 dagger
rCold   . . .        (no shield)
rNeg    . . .        b - +0 robe
rPois   .            c - +0 hat
rElec   .            (no cloak)
rCorr   .            j - +0 pair of gloves
SInv    .            (no boots)
Will    .....        (no amulet)
Stlth   ++           (no ring)
HPRegen 0.23/turn    (no ring)
MPRegen 0.20/turn

%: no passive effects
@: no status effects
A: magic regeneration
a: no special abilities


You were on level 2 of the Dungeon.
You visited 1 branch of the dungeon, and saw 2 of its levels.

You collected 72 gold pieces.

Inventory:

Hand Weapons
 a - a +0 dagger (weapon)
Armour
 b - a +0 robe (worn)
 c - a +0 hat (worn)
 j - a +0 pair of gloves (worn)
Magical Staves
 f - a staff of death
Scrolls
 g - 4 scrolls of teleportation {unknown}
 k - a scroll of blinking {unknown}
 l - a scroll of vulnerability {unknown}
Potions
 d - a potion of magic
 e - a potion of cancellation {unknown}
 h - a potion of haste {unknown}
 i - a potion of heal wounds {unknown}


   Skills:
 + Level 0.4 Fighting
 + Level 1.9 Dodging
 + Level 2.0 Stealth
 * Level 3.2 Spellcasting
 + Level 1.2 Conjurations
 + Level 1.2 Summonings
 + Level 1.2 Translocations


You had 6 spell levels left.
You knew the following spells:

 Your Spells              Type           Power      Damage    Failure   Level
a - Magic Dart            Conj           24%        1d4       12%         1

Your spell library contained the following spells:

 Spells                   Type           Power      Damage    Failure   Level
 Blink                    Tloc           12%        N/A       19%         2
 Call Imp                 Summ           12%        N/A       19%         2
 Slow                     Hex            8%         N/A       21%         1
 Cigotuvi's Dreadful Rot  Necr/Pois/Air  4%         N/A       30%         2
 Mephitic Cloud           Conj/Pois/Air  3%         N/A       45%         3


Dungeon Overview and Level Annotations

Branches:
Dungeon (2/15)

Altars:

Annotations:
D:2 Jessica


Innate Abilities, Weirdness & Mutations

You regenerate magic rapidly.


Message History

You hit the dart slug.
The dart slug is almost dead.
You hit the dart slug.
You kill the dart slug!
No target in view!
HP restored.
You see here a dart slug corpse.
Jessica and a kobold come into view.
Jessica shouts!
The kobold shouts!
The magic dart hits the kobold.
The kobold is heavily wounded.
The magic dart hits the kobold.
You kill the kobold!
Jessica gestures at you while chanting. Pain shoots through your body!
Your Stealth skill increases to level 2!
The magic dart hits Jessica.
Jessica is lightly wounded.
Jessica gestures wildly.
The magic dart hits Jessica but does no damage.
Jessica is lightly wounded.
Jessica casts a spell.
Jessica blinks!
The magic dart hits Jessica.
Jessica is heavily wounded.
Jessica gestures wildly while chanting.
Jessica seems to speed up.
The magic dart hits Jessica.
Jessica is severely wounded.
The magic dart hits Jessica.
Jessica is almost dead.
Jessica gestures wildly while chanting.
Jessica blinks!
You are out of magic!
Unknown command.
Jessica casts a spell at you. Pain shoots through your body!
Ouch! That really hurt!
You die...

#.# #.# #.#
#.# #.# #.#
###.# #...#
##########@###
......)@...#
############


You could see Jessica (fast).

Vanquished Creatures
  2 dart slugs
  2 endoplasms (D:1)
  2 goblins (D:1)
  4 jackals (D:1)
  A kobold (D:2)
  A quokka (D:1)
  A ball python (D:1)
  A bat (D:1)
  A rat (D:1)
15 creatures vanquished.

Notes
Turn   | Place    | Note
-------+----------+-------------------------------------------
     0 | D:1      | javelincjr the Demonspawn Hedge Wizard began the quest for
                  | the Orb.
     0 | D:1      | Reached XP level 1. HP: 13/13 MP: 4/4
    79 | D:1      | Reached skill level 1 in Translocations
   136 | D:1      | Gained mutation: You regenerate magic rapidly. [demonic
                  | ancestry]
   136 | D:1      | Reached XP level 2. HP: 14/19 MP: 1/6
   726 | D:2      | Noticed Jessica
   739 | D:2      | Killed from afar by Jessica

Illustrated notes

Levels and vault maps discovered:
D:1:      ncdulo_halloftheorcs, layout_rooms
D:2:      layout_basic, serial_shops, shop, nicolae_book_shop_shelving, shop,
          shop, shapermc_ecumenical_altar_petra, basic_altar, uniq_jessica

Skill      XL: |  1  2 |
---------------+-------+-----
Translocations | 1 |  1.2
Stealth        | 2 |  2.0
Fighting       | |  0.4
Dodging        | |  1.9
Spellcasting   | |  3.2
Conjurations   | |  1.2
Summonings     | |  1.2

Action                     || total
---------------------------++-------
  Melee: Dagger            ||    47
   Cast: Magic Dart        ||    29
   Stab: Sleeping          ||     1
 Armour: Robe              ||    26
  Dodge: Dodged            ||    31

Table legend: (Time is in decaauts)
 A = Elapsed time spent in this place.
 B = Non-inter-level travel time spent in this place.
 C = Inter-level travel time spent in this place.
 D = Time resting spent in this place.
 E = Time spent auto-exploring this place.
 F = Levels seen in this place.
 G = Mean time per level.
                   A        B        C        D        E       F      G
               +--------+--------+--------+--------+--------+-----+--------+
         Total |    738 |    707 |     31 |    108 |    410 |   2 |  369.0 |
       Dungeon |    738 |    707 |     31 |    108 |    410 |   2 |  369.0 |
               +--------+--------+--------+--------+--------+-----+--------+

Top non-repeatable levels by time:
     D:1: 695 daAuts
     D:2: 43 daAuts
